 Dungeon Crawl Stone Soup version 0.26-b1-32-g5d43845318 (webtiles) character file.

Game seed: 4630885103489088395

508 FreshCat the Sneak (level 7, -9/35 HPs)
             Began as a Vine Stalker Brigand on Jan 5, 2021.
             Mangled by an ogre
             ... wielding a +0 giant spiked club
              (16 damage)
             ... on level 4 of the Dungeon.
             The game lasted 00:33:07 (4254 turns).

FreshCat the Sneak (Vine Stalker Brigand)           Turns: 4254, Time: 00:33:08

Health: -9/35      AC:  4    Str: 15    XL:     7   Next: 18%
Magic:  0/8        EV: 12    Int: 11    God:
Gold:   143        SH:  0    Dex: 16    Spells: 6/6 levels left

rFire    . . .     SeeInvis .   a - +2 dagger
rCold    . . .     Faith    .   (no shield)
rNeg     . . .     Spirit   +   q - +0 leather armour
rPois    .         Reflect  .   (no helmet)
rElec    .         Harm     .   c - +0 cloak
rCorr    .         Rampage  .   (no gloves)
Will     +....                  (no boots)
Stlth    +++.......             (no amulet)
HPRegen  0.51/turn              (no ring)
MPRegen  0.11/turn              w - ring of willpower

@: about to teleport
A: fangs 2, regeneration 1, magic shield, antimagic bite, no potion heal 3
a: no special abilities


You were on level 4 of the Dungeon.
You visited 1 branch of the dungeon, and saw 5 of its levels.

You collected 218 gold pieces.
You spent 75 gold pieces at shops.

Inventory:

Hand Weapons
 a - a +2 dagger (weapon)
Missiles
 d - 24 poisoned darts (quivered)
 e - 2 curare-tipped darts
 g - 110 stones
Armour
 c - a +0 cloak (worn)
 q - a +0 leather armour (worn)
 s - a +0 scale mail of willpower
Jewellery
 v - an uncursed ring of fire
 w - a ring of willpower (right hand)
Wands
 r - a wand of iceblast (6)
 x - a wand of random effects (10)
Scrolls
 i - 2 scrolls of identify
 j - 2 scrolls of amnesia
 k - 3 scrolls of teleportation
 n - a scroll of remove curse
 o - a scroll of fear
 p - a scroll of enchant armour {unknown}
 t - a scroll of blinking {unknown}
 u - a scroll of enchant weapon {unknown}
 y - a scroll of magic mapping {unknown}
Potions
 b - a potion of brilliance {unknown}
 f - 3 potions of curing
 h - a potion of attraction {unknown}
 l - a potion of might {unknown}
 m - a potion of ambrosia {unknown}


   Skills:
 + Level 2.3 Fighting
 + Level 3.4 Short Blades
 + Level 4.0 Throwing
 + Level 2.0 Armour
 + Level 1.7 Dodging
 + Level 6.4 Stealth
 + Level 0.5 Evocations


You had 6 spell levels left.
You didn't know any spells.
Your spell library was empty.

Dungeon Overview and Level Annotations

Branches:
Dungeon (5/15)
 Temple: D:4-7

Altars:
Elyvilon
Kikubaaqudgha
Yredelemnul
The Shining One

Shops:
D:4 *


Innate Abilities, Weirdness & Mutations

You have extremely sharp teeth.
Your natural rate of healing is unusually fast.
When hurt, damage is shared between your health and your magic reserves.
Your bite disrupts and absorbs the magic of your enemies.
Potions cannot restore your health.


Message History

The orc wizard points at you and mumbles some strange words.
The puff of flame hits you! The orc hits you but does no damage.
The ogre closely misses you.
There is a stone staircase leading up here.
The orc misses you.
You climb upwards.
There is a stone staircase leading down here.
As you read the scroll of teleportation, it crumbles to dust.
You feel strangely unstable. The orc hits you with a +0 whip.
The ogre hits you with a +0 giant spiked club!!
Ouch! That really hurt!
* * * LOW HITPOINT WARNING * * *
Okay, then.
Evoke which item? (* to show all) (? for menu, Esc to quit)
Aiming: Random Effects
Press: ? - help, Shift-Dir - straight line, f - ogre
Aim: an ogre, wielding a +0 giant spiked club The ogre seems to speed up.
The ogre hits you with a +0 giant spiked club!!
You die...

..##.#####.#># #.######.####
#.###....#.#.#######...........#
.......#.#.#.....<...###########
#.###..#.#.#########.###
#.#....#...............#
..#......#.#########.#.##
#.###...............<#..##
............#######..#...##
................@O........#
....##.........).o.....PP.#
###.##.#..............P∩P.#
................#####.PP..#
###....#.######.# #.....# #
######.....)#.# #..#.## #
#........#.# ##.#.#
######.########.# #.#.# .......#
#.# #.#.#


You could see an ogre (fast) and an orc.

Vanquished Creatures
  A scorpion (D:4)
  A hound (D:4)
  A quasit (D:5)
  2 orc wizards
  Natasha (twice) (D:2)
  3 worker ants (D:4)
  2 hound skeletons
  8 adders
  A white imp (D:4)
  An ooze (D:4)
  An adder skeleton (D:4)
  3 worms
  4 leopard geckos
  11 orcs
  2 bats (D:1)
  15 giant cockroaches
  3 goblins
  5 hobgoblins
  10 jackals
  A quokka (D:4)
  A ball python (D:3)
  5 frilled lizards
  2 jackal skeletons (D:4)
  3 kobolds (D:1)
  6 rats
94 creatures vanquished.

Vanquished Creatures (others)
  A withered plant (D:3)
1 creature vanquished.

Grand Total: 95 creatures vanquished

Notes
Turn   | Place    | Note
-------+----------+-------------------------------------------
     0 | D:1      | FreshCat the Vine Stalker Brigand began the quest for the
                  | Orb.
     0 | D:1      | Reached XP level 1. HP: 11/11 MP: 2/2
    79 | D:1      | Reached skill level 5 in Stealth
   189 | D:1      | Reached XP level 2. HP: 15/15 MP: 3/3
   702 | D:2      | Reached XP level 3. HP: 18/18 MP: 4/4
  1213 | D:2      | You fall into a shaft and drop 2 floors!
  1218 | D:4      | Reached skill level 1 in Dodging
  1218 | D:4      | Reached skill level 6 in Stealth
  1218 | D:4      | Gained mutation: Your natural rate of healing is unusually
                  | fast. [Vine Stalker growth]
  1218 | D:4      | Reached XP level 4. HP: 23/23 MP: 5/5
  1346 | D:3      | Found a white marble altar of Elyvilon.
  1595 | D:2      | Found a basalt altar of Yredelemnul.
  1673 | D:2      | Reached XP level 5. HP: 26/26 MP: 6/6
  2029 | D:2      | Noticed Natasha
  2043 | D:2      | Killed Natasha
  2094 | D:2      | Noticed Natasha
  2108 | D:2      | Killed Natasha
  2231 | D:3      | Found a glowing golden altar of the Shining One.
  2426 | D:3      | Found an ancient bone altar of Kikubaaqudgha.
  2559 | D:3      | Reached skill level 1 in Armour
  2559 | D:3      | Reached XP level 6. HP: 21/30 MP: 4/7
  2711 | D:4      | Found Akeng's Assorted Antiques.
  3157 | D:5      | Entered Level 5 of the Dungeon
  3516 | D:4      | Reached XP level 7. HP: 35/35 MP: 8/8
  4092 | D:4      | Bought a scroll of teleportation for 75 gold pieces
  4254 | D:4      | Mangled by an ogre

Illustrated notes

Levels and vault maps discovered:
D:1:      ncdulo_halloftheorcs, layout_loops_cross,
          chequers_serial_rivers_micro_b
D:2:      minmay_roachtagon, layout_basic, old_standard_altar,
          chequers_serial_rivers_small_a, uniq_natasha
D:3:      layout_basic, kiku_gazebo_garden_becter, elyvilon_altar_4,
          lemuel_round_altar
D:4:      layout_basic, serial_shops, nicolae_shop_overgrown_old_shop,
          st_stairs_11
D:5:      black_bear_nest_1, layout_rooms, minmay_temple_entry_arrows,
          uniq_blork_the_orc, uniq_edmund, uniq_prince_ribbit1

Skill      XL: |  1  2  3  4  5  6  7 |
---------------+----------------------+-----
Stealth        | 5 6 |  6.4
Throwing       | 2 3 4 |  4.0
Short Blades   | 2 3 |  3.4
Dodging        | 1 |  1.7
Fighting       | 2 |  2.3
Armour         | 1 2 |  2.0
Evocations     | |  0.5

Action                   |  1- 3 |  4- 6 |  7- 9 || total
-------------------------+-------+-------+-------++-------
Melee: Dagger            |    56 |   134 |    29 ||   219
       Bite              |     9 |    40 |     4 ||    53
Throw: Dart              |    29 |    76 |     7 ||   112
Evoke: Wand              |       |     2 |     4 ||     6
  Use: Scroll            |       |     4 |     5 ||     9
 Stab: Sleeping          |     7 |       |       ||     7
Armor: Robe              |    16 |     2 |       ||    18
       Leather armour    |       |    23 |     4 ||    27
Dodge: Dodged            |    24 |    69 |    14 ||   107
